Map: Ephemeron LE

Players

Hjax - Winner!

  • Race: Protoss Protoss
  • Spawn Location: 5:00

Shyrshadi

  • Race: Protoss Protoss
  • Spawn Location: 11:00

VOD

Have the link to the VOD?

Description

Time

  • Played on: Sept. 6, 2019, 1:26 p.m.
  • Length: 12:13
Show
View Real Time Build Order
Export as new Build Order

Hjax Protoss - Winner!

Build Orders: Blink Stalkers 

Get SALT Encoding   

  12  0:00  Probe  
  13  0:13  Probe  
  14  0:17  Pylon  
  14  0:24  Probe  
  15  0:32  Probe  
  15  0:39  Gateway  
  15  0:40  Probe  
  16  0:46  Assimilator  
  17  0:51  Probe  
  17  0:56  Assimilator  
  18  1:02  Probe  
  19  1:10  Gateway, Probe  
  20  1:18  Probe  
  21  1:26  Cybernetics Core  
  21  1:29  Probe  
  22  1:37  Pylon  
  22  1:42  Probe  
  23  1:55  Probe  
  24  2:02  Stalker  
  24  2:03  Sentry  
  24  2:04  Warp Gate  
  24  2:07  Probe  
  29  2:16  Pylon  
  29  2:19  Probe  
  30  2:26  Pylon  
  30  2:34  Stalker x2  
  34  2:42  Probe  
  34  3:02  Shield Battery  
  34  3:14  Pylon  
  34  3:16  Nexus  
  34  3:27  Robotics Facility  
  34  3:38  Probe  
  35  3:43  Twilight Council  
  35  3:46  Blink  
  35  3:55  Pylon  
  35  3:57  Stalker x2  
  38  4:12  Pylon  
  38  4:17  Observer  
  38  4:19  Pylon  
  39  4:30  Stalker x2  
  43  4:35  Shield Battery, Probe  
  44  4:41  Probe  
  45  4:48  Probe  
  46  4:53  Probe  
  46  4:56  Forge  
  46  4:59  Gateway  
  47  5:03  Probe  
  48  5:11  Probe  
  49  5:15  Probe  
  49  5:16  Stalker  
  49  5:18  Stalker, Protoss Ground Weapons Level 1  
  54  5:27  Probe x2  
  56  5:33  Robotics Bay  
  56  5:40  Assimilator  
  56  5:42  Assimilator  
  56  5:47  Adept  
  57  5:53  Adept  
  57  5:56  Probe  
  60  5:57  Probe  
  61  6:10  Probe  
  62  6:16  Pylon  
  62  6:20  Pylon  
  62  6:23  Disruptor  
  62  6:30  Pylon  
  62  6:34  Probe x2  
  67  6:40  Stalker x3  
  71  6:48  Probe  
  71  6:52  Probe  
  73  6:56  Disruptor  
  73  7:00  Probe  
  77  7:04  Probe  
  77  7:07  Stalker x2  
  82  7:12  Probe  
  81  7:26  Disruptor  
  81  7:32  Robotics Facility  
  81  7:34  Photon Cannon  
  81  7:35  Photon Cannon  
  81  7:37  Shield Battery  
  84  7:41  Protoss Ground Weapons Level 2  
  84  7:46  Stalker  
  82  7:55  Stalker  
  84  7:59  Probe  
  84  8:05  Shield Battery  
  85  8:07  Shield Battery, Pylon  
  85  8:15  Disruptor x2  
  85  8:25  Pylon  
  85  8:27  Pylon  
  91  8:36  Nexus  
  91  8:39  Pylon  
  91  8:40  Stalker  
  89  8:56  Disruptor x2, Stalker  
  89  9:01  Probe  
  98  9:10  Stalker x2  
  98  9:14  Photon Cannon  
  102  9:31  Disruptor  
  102  9:33  Stalker x2  
  102  9:34  Stalker  
  109  9:51  Disruptor  
  109  9:52  Probe x2  
  114  9:53  Probe  
  114  9:57  Stalker  
  117  10:07  Disruptor  
  118  10:19  Stalker x2  
  122  10:22  Probe  
  122  10:25  Probe x2, Assimilator  
  122  10:27  Assimilator  
  125  10:34  Probe  
  126  10:37  Probe  
  125  10:53  Stalker x2  
  125  10:54  Stalker  
  121  10:57  Disruptor x2  
  121  10:59  Gateway  
  127  11:05  Dark Shrine  
  127  11:15  Gateway  
  127  11:20  Gateway  
  127  11:22  Gateway  
  125  11:34  Stalker x2  
  125  11:35  Disruptor  
Show
View Real Time Build Order
Export as new Build Order

Shyrshadi Protoss 

Build Orders: Phoenix Opening, Archon Immortal 

Get SALT Encoding   

  12  0:01  Probe  
  13  0:13  Probe  
  14  0:18  Pylon  
  14  0:24  Probe  
  15  0:32  Probe  
  15  0:40  Gateway, Probe  
  16  0:46  Assimilator  
  17  0:51  Probe  
  17  0:55  Assimilator  
  18  1:05  Probe  
  19  1:12  Gateway  
  19  1:14  Probe  
  20  1:22  Probe  
  20  1:30  Cybernetics Core  
  20  1:31  Probe  
  21  1:37  Pylon  
  22  1:43  Probe  
  23  1:55  Probe  
  23  1:58  Warp Gate  
  24  2:15  Adept x2  
  28  2:27  Pylon  
  28  2:46  Sentry  
  30  2:54  Pylon, Probe  
  31  3:00  Pylon  
  31  3:12  Probe  
  34  3:13  Sentry  
  34  3:24  Probe  
  34  3:27  Stalker  
  37  3:30  Robotics Facility  
  37  3:33  Nexus  
  37  3:35  Probe  
  37  3:38  Stalker  
  40  3:43  Probe  
  41  3:49  Pylon  
  41  3:51  Probe  
  42  3:57  Phoenix  
  42  4:09  Stalker  
  42  4:16  Shield Battery, Warp Prism  
  40  4:18  Shield Battery, Probe  
  40  4:20  Stalker  
  43  4:30  Probe  
  46  4:40  Forge  
  46  4:42  Probe, Adept  
  46  4:43  Adept  
  51  4:46  Probe  
  52  4:57  Probe  
  52  4:58  Probe  
  54  5:01  Observer  
  54  5:02  Protoss Ground Weapons Level 1  
  54  5:03  Sentry  
  54  5:06  Probe  
  57  5:09  Probe  
  59  5:17  Pylon  
  59  5:20  Twilight Council  
  59  5:21  Probe  
  59  5:24  Immortal  
  59  5:26  Probe  
  65  5:33  Probe  
  66  5:36  Charge  
  66  5:55  Probe  
  66  5:56  Probe  
  68  6:05  Gateway x2  
  68  6:09  Gateway  
  62  6:13  Gateway x2  
  62  6:16  Immortal  
  62  6:17  Pylon  
  66  6:20  Assimilator  
  66  6:22  Assimilator  
  66  6:31  Templar Archives  
  66  6:51  Shield Battery  
  66  6:53  Zealot x2  
  70  7:00  Probe  
  70  7:01  Pylon, Probe  
  76  7:02  Pylon  
  76  7:07  Zealot x2  
  80  7:19  Immortal  
  80  7:21  Zealot x4  
  88  7:29  Zealot x3  
  86  7:31  Pylon  
  83  7:51  Immortal  
  83  7:53  Protoss Ground Weapons Level 2  
  83  8:02  Zealot x2  
  91  8:06  Zealot  
  91  8:09  Nexus  
  91  8:10  Pylon x2  
  91  8:11  Pylon  
  93  8:13  Photon Cannon x2  
  89  8:21  High Templar x2  
  89  8:25  Archon  
  93  8:34  Immortal, High Templar x2  
  97  8:35  Zealot x2  
  97  8:38  Archon  
  99  8:58  High Templar  
  99  8:59  High Templar, Nexus  
  99  9:00  Zealot x2  
  107  9:02  Pylon  
  107  9:04  Gateway  
  107  9:05  Gateway  
  107  9:06  Archon  
  107  9:13  Zealot  
  109  9:17  Pylon  
  109  9:18  Pylon  
  109  9:27  High Templar x3  
  109  9:29  Probe x2  
  117  9:42  Immortal  
  83  9:47  Zealot x3  
  83  9:50  Archon  
  86  10:03  Zealot x4  
  92  10:12  Zealot  
  92  10:13  Zealot  
  82  10:19  High Templar x2  
  82  10:20  High Templar  
  86  10:23  Archon  
  86  10:24  Archon  
  86  10:29  Zealot x3  
  92  10:40  Zealot x2  
  92  10:58  Probe, High Templar x2  
  92  10:59  Zealot x4, Probe x2  
  107  11:05  Archon  
  107  11:07  Probe x3  
  109  11:15  Probe x3, Assimilator  
  110  11:19  Assimilator  
  99  11:30  Zealot x4  
  93  11:44  Robotics Bay  
  93  11:45  Zealot x4  
  69  12:01  Zealot x4  
  69  12:05  Zealot x4  
Tags
 
Add a new tag
Caveats
  • Supply blocks, unpowered buildings, or Contaminate may cause inaccurate times.
  • Supply counts are checked every 10 seconds.